 Dungeon Crawl Stone Soup version 0.30-a0-996-ga6910c8ee8 (webtiles) character file.

Game seed: 7045811738781546257

140 bande the Shield-Bearer (level 5, -2/33 HPs)
             Began as a Gargoyle Fighter on Apr 4, 2023.
             Slain by an iguana (7 damage)
             ... on level 4 of the Dungeon.
             The game lasted 00:05:00 (2746 turns).

bande the Shield-Bearer (Gargoyle Fighter)          Turns: 2746, Time: 00:05:01

Health: -2/33      AC: 16    Str: 25    XL:     5   Next: 23%
Magic:  5/5        EV:  7    Int:  9    God:
Gold:   1157       SH:  4    Dex: 11    Spells: 4/4 levels left

rFire   . . .      SeeInvis .    a - +0 war axe
rCold   . . .      Faith    .    c - +0 buckler
rNeg    + . .      Spirit   .    g - +0 chain mail
rPois   ∞          Reflect  .    (no helmet)
rElec   +          Rampage  .    o - +1 cloak
rCorr   .                        i - +0 pair of gloves
Will    .....                    (no boots) Stlth
                                 (no amulet)
HPRegen 0.25/turn                h - +6 ring of strength
MPRegen 0.09/turn                (no ring)

@: weak-willed
A: sickness immunity, AC +4, negative energy resistance 1, electricity
resistance, torment resistance 1, petrification resistance
a: no special abilities


You were on level 4 of the Dungeon.
You visited 1 branch of the dungeon, and saw 4 of its levels.

You collected 1157 gold pieces.

Inventory:

Hand Weapons
 a - a +0 war axe (weapon)
Armour
 c - a +0 buckler (worn)
 g - a +0 chain mail (worn)
 i - a +0 pair of gloves (worn)
 o - a +1 cloak (worn)
Jewellery
 h - a +6 ring of strength (left hand)
Wands
 j - a wand of polymorph (8)
Scrolls
 k - a scroll of teleportation
Potions
 b - a potion of heal wounds
 d - 4 potions of might
 e - 3 potions of haste
 f - a potion of resistance
 l - a potion of curing {unknown}
 m - a potion of lignification {unknown}


   Skills:
 + Level 3.9 Fighting
 + Level 3.3 Axes
 + Level 4.0 Armour
 + Level 4.0 Shields


You had 4 spell levels left.
You didn't know any spells.
Your spell library contained the following spells:

 Spells                   Type           Power      Damage    Failure   Level
 Frozen Ramparts          Ice            0%         1d1       100%        3
 Ice Form                 Ice/Tmut       0%         N/A       100%        4
 Summon Ice Beast         Ice/Summ       0%         N/A       100%        4


Dungeon Overview and Level Annotations

Branches:
Dungeon (4/15)
 Temple: D:4-7

Altars:
Yredelemnul

Shops:
D:2 ?

Annotations:
D:3 1 runed translucent door


Innate Abilities, Weirdness & Mutations

You are immune to sickness and miasma.
Your stone body is resilient. (AC +4)
You are immune to poison.
You resist negative energy. (rN+)
You are resistant to electric shocks. (rElec)
You are resistant to unholy torment.
You are immune to petrification.


Message History

There is a stone staircase leading up here.
Found a robe.
n - a scroll labelled HOTAKITTIKK
As you read the scroll labelled HOTAKITTIKK, it crumbles to dust.
Magic quickly surges around you.
It was a scroll of vulnerability.
There is a stone staircase leading up here.
Found a stone staircase leading down.
An iguana comes into view.
Found 15 gold pieces and a scroll labelled ZOSOSUNIWK.
The iguana hisses angrily.
Found 8 gold pieces.
Found a scroll of identify.
The iguana bites you but does no damage.
You barely miss the iguana. The iguana barely misses you.
You barely miss the iguana. The iguana bites you.
You barely miss the iguana. The iguana bites you! The iguana bites you.
You hit the iguana.
The iguana is moderately wounded.
The iguana bites you.
You are too injured to fight recklessly!
You are too injured to fight recklessly!
You are too injured to fight recklessly!
You are too injured to fight recklessly!
You are too injured to fight recklessly!
You are too injured to fight recklessly!
You barely miss the iguana.
The iguana is moderately wounded.
The iguana bites you but does no damage.
You hit the iguana but do no damage.
The iguana is moderately wounded.
The iguana bites you but does no damage.
The iguana barely misses you.
You barely miss the iguana.
The iguana is moderately wounded.
The iguana bites you!
* * * LOW HITPOINT WARNING * * *
You slash the iguana!
The iguana is almost dead.
The iguana bites you!
You die...

... #................#
... #................#
.... #.........<......#
?....##...##..###....##
.....##...##### #[...##
..............!>#.....#
................#.....#
$...!##...##...##....##
##### #@..# ...#######
.......l..# ...
..........# ..
..........# ..........#
?....##.... #####
....$# ....##


You could see an iguana.

Vanquished Creatures
  A human zombie (D:3)
  5 adders
  3 worms (D:2)
  2 dart slugs (D:1)
  An orc (D:2)
  3 ball pythons
  5 bats
  3 endoplasms (D:2)
  2 giant cockroaches
  8 goblins
  6 hobgoblins
  A jackal (D:2)
  3 quokkas
  A frilled lizard (D:1)
  3 kobolds
  3 rats
50 creatures vanquished.

Notes
Turn   | Place    | Note
-------+----------+-------------------------------------------
     0 | D:1      | bande the Gargoyle Fighter began the quest for the Orb.
     0 | D:1      | Reached XP level 1. HP: 14/14 MP: 1/1
   128 | D:1      | Reached XP level 2. HP: 19/19 MP: 2/2
   795 | D:2      | Reached XP level 3. HP: 17/24 MP: 3/3
  1476 | D:2      | Identified a scroll of acquirement
  1476 | D:2      | Acquired 990 gold pieces
  1496 | D:2      | Reached XP level 4. HP: 28/29 MP: 4/4
  1769 | D:2      | Found Tyjea's Magic Scroll Shoppe.
  1965 | D:3      | Found a faded altar of an unknown god.
  2183 | D:3      | Found a runed translucent door.
  2183 | D:3      | Noticed a human
  2185 | D:3      | Found a basalt altar of Yredelemnul.
  2207 | D:3      | Reached XP level 5. HP: 28/33 MP: 5/5
  2746 | D:4      | Slain by an iguana

Illustrated notes

Levels and vault maps discovered:
D:1:      dpeg_arrival_arbitrary_c, layout_basic
D:2:      layout_basic, serial_shops, shop, minmay_close_crescents
D:3:      layout_basic, dk_yredelemnul_ordeal,
          chequers_ecumenical_altar_simple_redux
D:4:      layout_gridville, nicolae_overflow_hidden_temple

Skill      XL: |  1  2  3  4 |
---------------+-------------+-----
Axes           | 2 3 |  3.3
Shields        | 4 |  4.0
Armour         | 4 |  4.0
Fighting       | |  3.9

Action                     |  1- 3 |  4- 6 || total
---------------------------+-------+-------++-------
  Melee: War axe           |   111 |    75 ||   186
    Use: Scroll            |     7 |     4 ||    11
 Armour: Scale mail        |    12 |       ||    12
         Chain mail        |    44 |    47 ||    91
  Dodge: Dodged            |    37 |    31 ||    68
  Block: Buckler           |    31 |     9 ||    40

Table legend: (Time is in decaauts)
 A = Elapsed time spent in this place.
 B = Non-inter-level travel time spent in this place.
 C = Inter-level travel time spent in this place.
 D = Time resting spent in this place.
 E = Time spent auto-exploring this place.
 F = Levels seen in this place.
 G = Mean time per level.
                   A        B        C        D        E       F      G
               +--------+--------+--------+--------+--------+-----+--------+
         Total |   2820 |   2760 |     60 |    143 |   2102 |   4 |  705.0 |
       Dungeon |   2820 |   2760 |     60 |    143 |   2102 |   4 |  705.0 |
               +--------+--------+--------+--------+--------+-----+--------+

Top non-repeatable levels by time:
     D:2: 1216 daAuts
     D:3: 821 daAuts
     D:1: 748 daAuts
     D:4: 34 daAuts
